Map: 光影交错-天梯版

Players

TIME (Oliveira) - Winner!

  • Race: Terran Terran
  • League: Grandmaster

cyan

  • Race: Protoss Protoss
  • League: Master

Event: DreamHack SC2 Masters 2021 Fall

VOD

Have the link to the VOD?

Description

Time

  • Played on: Aug. 4, 2021, 8:29 a.m.
  • Length: 9:37

All games in this series

Show
View Real Time Build Order
Export as new Build Order

TIME Terran - Winner!

Build Orders:  

Get SALT Encoding   

  12  0:00  SCV  
  13  0:12  SCV  
  14  0:17  Supply Depot  
  14  0:24  SCV  
  15  0:38  SCV  
  15  0:39  Barracks  
  16  0:44  Refinery  
  16  0:50  SCV  
  17  1:03  SCV  
  18  1:15  SCV  
  19  1:28  Orbital Command  
  19  1:29  Barracks Reactor  
  19  1:45  Command Center  
  19  1:50  Barracks  
  19  1:53  SCV  
  20  1:59  Supply Depot  
  20  2:06  SCV  
  20  2:07  Marine x2  
  23  2:16  Barracks  
  23  2:20  SCV  
  24  2:25  Marine x2  
  26  2:32  Refinery, SCV  
  27  2:38  Barracks Tech Lab  
  27  2:43  Marine x2  
  29  2:45  SCV  
  30  2:58  Orbital Command  
  30  2:59  SCV  
  30  3:01  Marine, Stimpack  
  30  3:05  Barracks Tech Lab  
  32  3:07  Marine  
  32  3:10  Marine  
  34  3:14  SCV  
  34  3:18  Supply Depot  
  35  3:21  Marine  
  35  3:24  SCV  
  35  3:26  SCV  
  38  3:28  Marine  
  38  3:29  Combat Shield  
  39  3:36  Marine  
  39  3:38  SCV  
  39  3:40  SCV  
  39  3:41  Marine  
  43  3:42  Marine  
  44  3:48  Supply Depot  
  44  3:50  Marine  
  44  3:52  SCV  
  44  3:53  SCV  
  47  3:57  Marine  
  47  4:01  Engineering Bay  
  48  4:03  Marine  
  48  4:04  SCV  
  48  4:07  SCV  
  51  4:12  Supply Depot  
  51  4:14  Marine  
  51  4:15  Marine  
  53  4:17  Marine  
  53  4:20  SCV x2  
  56  4:26  Terran Infantry Weapons Level 1  
  56  4:31  Factory  
  56  4:32  SCV  
  56  4:33  SCV  
  56  4:35  Marine  
  56  4:37  Marine  
  60  4:40  Marauder  
  60  4:42  Supply Depot  
  60  4:45  SCV x2  
  64  4:49  Refinery  
  64  4:52  Marauder  
  66  4:56  Marine, Supply Depot  
  66  4:57  SCV  
  66  4:58  SCV  
  69  5:04  Marauder  
  69  5:05  Concussive Shells  
  71  5:09  Supply Depot  
  71  5:13  Marine  
  71  5:14  Marine, Marauder  
  72  5:15  SCV  
  72  5:18  Starport, Factory Reactor  
  72  5:20  SCV  
  77  5:25  Refinery  
  77  5:27  Supply Depot  
  77  5:29  Marauder  
  77  5:30  SCV  
  77  5:32  SCV  
  80  5:37  Marine x2, Marauder  
  80  5:42  SCV, Missile Turret  
  83  5:45  Missile Turret  
  85  5:50  Supply Depot  
  85  5:53  Marauder  
  87  5:59  Marauder  
  87  6:00  Factory Tech Lab  
  87  6:01  Marine x2, Medivac x2  
  94  6:08  Supply Depot  
  94  6:14  Marauder  
  96  6:19  Marine x2  
  96  6:20  Marauder  
  96  6:21  Terran Infantry Armor Level 1  
  96  6:23  Siege Tank  
  103  6:31  Medivac x2  
  102  6:40  Marine  
  102  6:41  Marine  
  104  6:48  Command Center  
  104  6:49  Marine, Marauder  
  104  6:50  SCV x2  
  103  6:55  Supply Depot  
  103  6:58  Siege Tank  
  103  7:01  Marine  
  106  7:02  Marine, SCV  
  106  7:03  SCV  
  110  7:11  Marauder  
  112  7:15  SCV  
  112  7:17  Supply Depot, SCV  
  112  7:20  Supply Depot  
  114  7:23  Marine x2  
  114  7:24  Marauder  
  114  7:28  SCV  
  120  7:30  SCV, Missile Turret  
  120  7:33  Siege Tank  
  122  7:38  Marauder  
  122  7:42  Marine x2  
  126  7:47  Liberator x2  
  126  7:49  Marine  
  133  7:53  SCV x2  
  135  7:58  Marine  
  135  7:59  Orbital Command  
  135  8:03  Marine x2  
  138  8:10  Barracks  
  138  8:11  Barracks  
  138  8:12  Siege Tank  
  140  8:21  Armory, Engineering Bay, Marauder  
  140  8:24  SCV x2  
  140  8:26  Supply Depot  
  144  8:27  Marauder  
  144  8:29  Marine  
  144  8:30  Marine  
  144  8:33  Liberator  
  151  8:38  Supply Depot, Liberator  
  154  8:43  Marine  
  155  8:53  Marine x2  
  155  8:54  Siege Tank  
  146  9:11  Barracks Reactor  
  146  9:12  SCV  
  146  9:16  Marine  
Show
View Real Time Build Order
Export as new Build Order

cyan Protoss 

Build Orders: 1 Gate Expand, Phoenix Opening 

Get SALT Encoding   

  12  0:00  Probe  
  13  0:12  Probe  
  14  0:18  Pylon  
  14  0:24  Probe (Chrono Boost)  
  15  0:36  Probe (Chrono Boost)  
  15  0:37  Gateway  
  16  0:45  Probe (Chrono Boost)  
  16  0:46  Assimilator  
  17  0:51  Probe  
  18  1:03  Probe  
  19  1:15  Probe  
  20  1:23  Nexus  
  20  1:32  Cybernetics Core  
  20  1:37  Probe  
  21  1:43  Assimilator  
  21  1:49  Probe  
  21  1:51  Pylon  
  22  2:01  Probe  
  23  2:06  Adept (Chrono Boost)  
  23  2:13  Probe  
  26  2:18  Stargate  
  26  2:25  Warp Gate, Probe (Chrono Boost)  
  27  2:31  Adept  
  27  2:35  Probe (Chrono Boost)  
  31  2:37  Probe (Chrono Boost)  
  32  2:44  Probe (Chrono Boost)  
  32  2:45  Probe (Chrono Boost)  
  32  2:49  Probe (Chrono Boost)  
  34  2:51  Probe  
  35  3:00  Shield Battery  
  35  3:01  Probe (Chrono Boost)  
  35  3:04  Phoenix  
  39  3:06  Probe (Chrono Boost)  
  39  3:11  Adept  
  42  3:13  Probe (Chrono Boost)  
  43  3:20  Probe (Chrono Boost)  
  43  3:21  Pylon, Probe (Chrono Boost)  
  44  3:27  Probe  
  44  3:28  Probe  
  46  3:38  Phoenix  
  46  3:39  Probe  
  46  3:40  Probe  
  50  3:43  Gateway  
  50  3:45  Gateway  
  50  3:52  Probe  
  50  3:55  Probe  
  52  3:57  Pylon  
  52  4:00  Pylon  
  52  4:04  Probe  
  52  4:07  Probe  
  54  4:15  Adept  
  54  4:16  Probe  
  57  4:18  Nexus  
  57  4:19  Probe  
  57  4:20  Shield Battery  
  58  4:27  Assimilator  
  58  4:28  Probe  
  58  4:29  Assimilator  
  58  4:30  Shield Battery  
  59  4:36  Pylon  
  59  4:37  Sentry x2  
  63  4:39  Adept  
  63  4:40  Probe x2  
  63  4:45  Twilight Council  
  67  4:52  Probe  
  68  4:53  Forge  
  68  4:54  Probe  
  69  5:01  Adept x3  
  69  5:04  Probe  
  76  5:07  Probe  
  76  5:08  Pylon  
  77  5:16  Protoss Ground Weapons Level 1 (Chrono Boost)  
  77  5:18  Probe  
  77  5:19  Pylon  
  77  5:20  Resonating Glaives (Chrono Boost)  
  78  5:25  Phoenix (Chrono Boost)  
  78  5:26  Probe (Chrono Boost)  
  81  5:31  Probe (Chrono Boost)  
  81  5:32  Probe (Chrono Boost)  
  83  5:37  Gateway  
  83  5:39  Probe (Chrono Boost)  
  83  5:41  Probe (Chrono Boost)  
  85  5:43  Robotics Facility  
  85  5:45  Probe (Chrono Boost)  
  85  5:46  Probe (Chrono Boost)  
  85  5:47  Probe (Chrono Boost)  
  85  5:48  Phoenix  
  90  5:50  Sentry  
  90  5:55  Probe  
  93  6:02  Gateway x2  
  93  6:03  Gateway  
  93  6:05  Probe x2  
  93  6:07  Adept  
  93  6:09  Adept  
  99  6:13  Phoenix  
  99  6:17  Assimilator  
  101  6:19  Pylon  
  101  6:20  Assimilator  
  101  6:23  Adept  
  101  6:25  Probe x2  
  105  6:31  Adept x2  
  109  6:34  Shield Battery  
  109  6:37  Immortal (Chrono Boost)  
  113  6:45  Pylon  
  113  6:48  Pylon  
  113  6:51  Adept x2  
  117  7:00  Pylon  
  117  7:02  Phoenix  
  117  7:03  Pylon, Photon Cannon  
  117  7:04  Pylon  
  117  7:05  Shield Battery  
  119  7:12  Pylon  
  119  7:15  Observer (Chrono Boost)  
  120  7:21  Robotics Bay  
  120  7:26  Forge  
  120  7:27  Robotics Facility  
  122  7:31  Pylon  
  122  7:32  Probe  
  122  7:36  Probe  
  114  7:45  Observer (Chrono Boost)  
  114  7:50  Photon Cannon  
  115  7:55  Nexus  
  115  7:57  Pylon  
  115  7:59  Pylon, Observer (Chrono Boost)  
  115  8:05  Pylon  
  116  8:09  Gateway  
  116  8:11  Gateway  
  116  8:12  Pylon  
  116  8:13  Observer (Chrono Boost)  
  113  8:20  Colossus (Chrono Boost), Photon Cannon  
  113  8:21  Photon Cannon  
  113  8:22  Shield Battery  
  119  8:30  Shield Battery  
  119  8:31  Colossus (Chrono Boost)  
  119  8:32  Pylon  
  119  8:39  Probe x2  
  119  8:40  Probe  
  128  8:43  Stalker x2  
  128  8:44  Stalker x2  
  136  8:50  Stalker x2  
  134  9:09  Adept x4  
  107  9:17  Adept  
  107  9:18  Adept x2  

Tags
 
Add a new tag
Caveats
  • Supply blocks, unpowered buildings, or Contaminate may cause inaccurate times.
  • Supply counts are checked every 10 seconds.